 Dungeon Crawl Stone Soup version 0.24.0-123-gd5b16e6ec5 (webtiles) character file.

Game seed: 8007802453461857379, levelgen mode: deterministic

1245 Elellon the Cleaver (level 8, -4/71 HPs)
             Began as a Hill Orc Fighter on Jan 8, 2020.
             Was a Believer of Okawaru.
             Slain by an orc warrior
             ... wielding a +1 scimitar of protection
              (13 damage)
             ... on level 6 of the Dungeon.
             The game lasted 00:12:14 (4744 turns).

Elellon the Cleaver (Hill Orc Fighter)              Turns: 4744, Time: 00:12:15

Health: -4/71      AC: 16    Str: 21    XL:     8   Next: 50%
Magic:  6/8        EV:  9    Int:  8    God:    Okawaru [**....]
Gold:   130        SH: 12    Dex: 10    Spells: 7/7 levels left

rFire    + . .     SeeInvis .   a - +0 war axe
rCold    . . .     Gourm    .   c - +0 shield
rNeg     . . .     Faith    .   D - +0 chain mail
rPois    .         Spirit   .   p - +0 helmet
rElec    .         Reflect  .   A - +2 cloak
rCorr    .         Harm     .   (no gloves)
MR       +....                  (no boots)
Stlth    ..........             v - amulet of the acrobat
HPRegen  0.21/turn              u - ring of protection from fire
MPRegen  0.11/turn              r - ring of protection from magic

@: heroism
A: no striking features
a: Heroism, Renounce Religion


You were on level 6 of the Dungeon.
You worshipped Okawaru.
Okawaru was pleased with you.
You were hungry.

You visited 1 branch of the dungeon, and saw 6 of its levels.

You collected 328 gold pieces.
You spent 198 gold pieces at shops.

Inventory:

Hand Weapons
 a - a +0 war axe (weapon)
 b - a +0 hunting sling of freezing
Missiles
 o - 107 sling bullets (quivered)
Armour
 c - a +0 shield (worn)
 p - a +0 helmet (worn)
 A - a +2 cloak (worn)
 D - a +0 chain mail (worn)
Jewellery
 g - an uncursed ring of positive energy
 r - a ring of protection from magic (right hand)
 u - a ring of protection from fire (left hand)
 v - an amulet of the acrobat (around neck)
Wands
 w - a wand of random effects (24)
 y - a wand of polymorph (1)
Scrolls
 e - 2 scrolls of enchant weapon {unknown}
 h - 4 scrolls of teleportation {unknown}
 i - a scroll of fog {unknown}
 j - a scroll of immolation {unknown}
 l - 2 scrolls of identify
 n - 4 scrolls of remove curse
 x - a scroll of enchant armour {unknown}
 B - 2 scrolls of magic mapping {unknown}
 C - a scroll of fear {unknown}
 E - a scroll of noise {unknown}
Potions
 d - a potion of might
 k - 3 potions of curing
 m - a potion of resistance {unknown}
 q - a potion of agility
 s - 2 potions of lignification {unknown}
 z - 2 potions of heal wounds {unknown}
Comestibles
 f - 6 rations
 t - a chunk of flesh


   Skills:
 + Level 6.4(11.4) Fighting
 * Level 8.7(13.7) Axes
 + Level 5.8(10.8) Armour
 + Level 5.8(10.8) Shields


You had 7 spell levels left.
You didn't know any spells.
Your spell library was empty.

Dungeon Overview and Level Annotations

Branches:
Dungeon (6/15)             Temple (0/1) D:5

Altars:
Kikubaaqudgha
Nemelex Xobeh
Okawaru
Qazlal
Trog
Vehumet
Xom
Yredelemnul

Shops:
D:4 *   D:5 ?   D:6 =


Message History

The orc warrior hits you but does no damage.
Prince Ribbit hits you.
* * * LOW HITPOINT WARNING * * *
You slice Prince Ribbit!!
You kill Prince Ribbit!
Okawaru is honoured by your kill.
Prince Ribbit returns to his original shape as he dies.
You hit the orc.
You kill the orc!
Okawaru accepts your kill.
You closely miss the orc warrior. You block the orc warrior's attack.
You hit the orc warrior but do no damage.
The orc warrior is moderately wounded.
You closely miss the orc warrior.
The orc warrior is moderately wounded.
The orc warrior hits you but does no damage.
You hit the orc warrior but do no damage.
The orc warrior is moderately wounded.
The orc warrior hits you with a +1 scimitar of protection!
You die...

#. #.............. #..
#..............
###.§o########..............
.....ooooZ.(.......'........
###.o.######.#....#'#.......
#.. #.#...##.##...... #.
#.#..##.8.##..### .Y
#####)#.##..)..##..# ..
#...@o.##...'...##.# .
#....†.#...#'#...#.##
#......'8.##.##.8'..#
#####+.#.##...##.#..#
#..###.....###..#
#..##..#.#..##..#
#..#..##.##..#.## #....#
#.###...# #.### #.....####


You could see an orc warrior.

Vanquished Creatures
  Prince Ribbit (D:6)
  2 ogres
  A scorpion (D:4)
  2 crimson imps
  Crazy Yiuf (D:3)
  3 hounds (D:4)
  3 orc wizards
  2 orc priests
  2 iguanas
  4 worker ants
  A hound skeleton (D:6)
  Robin (D:2)
  7 gnolls
  12 adders
  An ooze (D:1)
  An adder skeleton (D:4)
  2 adder zombies (D:2)
  5 dart slugs
  5 leopard geckos
  22 orcs
  A ball python (D:4)
  10 bats
  A bat skeleton (D:2)
  A bat zombie (D:2)
  7 giant cockroaches
  15 goblins
  6 hobgoblins
  7 kobolds
  A ball python zombie (D:2)
  4 frilled lizards
  A giant cockroach zombie (D:2)
  A jackal skeleton (D:4)
  A jackal zombie (D:2)
  A quokka skeleton (D:6)
  A quokka zombie (D:2)
  7 rats
143 creatures vanquished.

Vanquished Creatures (others)
  A hobgoblin (D:3)
1 creature vanquished.

Grand Total: 144 creatures vanquished

Notes
Turn   | Place    | Note
-------+----------+-------------------------------------------
     0 | D:1      | Elellon the Hill Orc Fighter began the quest for the Orb.
     0 | D:1      | Reached XP level 1. HP: 19/19 MP: 1/1
    74 | D:1      | Reached skill level 3 in Axes
    82 | D:1      | Reached XP level 2. HP: 27/27 MP: 2/2
   302 | D:1      | Reached XP level 3. HP: 33/33 MP: 3/3
   890 | D:2      | Found an ancient bone altar of Kikubaaqudgha.
   924 | D:2      | Reached skill level 4 in Axes
   924 | D:2      | Reached XP level 4. HP: 33/40 MP: 4/4
  1138 | D:2      | Noticed Robin
  1150 | D:2      | Killed Robin
  1520 | D:2      | Found a radiant altar of Vehumet.
  1522 | D:2      | Found a shimmering altar of Xom.
  1523 | D:2      | Found a bloodstained altar of Trog.
  1527 | D:2      | Found an iron altar of Okawaru.
  1527 | D:2      | Found a sparkling altar of Nemelex Xobeh.
  1528 | D:2      | Found a basalt altar of Yredelemnul.
  1611 | D:2      | Became a worshipper of Warmaster Okawaru
  1822 | D:3      | Reached XP level 5. HP: 39/47 MP: 5/5
  2015 | D:3      | Reached skill level 5 in Axes
  2469 | D:3      | Found a runed translucent door.
  2470 | D:3      | Noticed Crazy Yiuf
  2562 | D:3      | Killed Crazy Yiuf
  2562 | D:3      | Reached XP level 6. HP: 19/53 MP: 6/6
  2747 | D:3      | Found a stormy altar of Qazlal.
  2868 | D:4      | Found Foivirr's General Store.
  2874 | D:4      | Bought a potion of curing for 42 gold pieces
  3116 | D:4      | Reached skill level 5 in Fighting
  3116 | D:4      | Reached skill level 6 in Axes
  3279 | D:4      | Reached XP level 7. HP: 54/61 MP: 7/7
  3366 | D:4      | Reached * piety under Okawaru
  3593 | D:4      | Reached skill level 5 in Shields
  3637 | D:5      | Entered Level 5 of the Dungeon
  3650 | D:5      | Reached skill level 5 in Armour
  3655 | D:5      | Reached skill level 7 in Axes
  3682 | D:5      | Found a staircase to the Ecumenical Temple.
  4115 | D:5      | Found Fahalo's Magic Scroll Shop.
  4121 | D:5      | Bought a scroll of remove curse for 39 gold pieces
  4121 | D:5      | Bought a scroll of identify for 26 gold pieces
  4160 | D:5      | Bought a scroll of identify for 26 gold pieces
  4160 | D:5      | Bought a scroll of random uselessness for 13 gold pieces
  4160 | D:5      | Bought a scroll of identify for 26 gold pieces
  4160 | D:5      | Bought a scroll of identify for 26 gold pieces
  4394 | D:6      | Found Akhli's Jewellery Shoppe.
  4411 | D:5      | Reached XP level 8. HP: 67/70 MP: 8/8
  4511 | D:6      | Reached skill level 8 in Axes
  4681 | D:6      | Noticed Prince Ribbit
  4741 | D:6      | Killed Prince Ribbit
  4741 | D:6      | Reached ** piety under Okawaru
  4744 | D:6      | Slain by an orc warrior

Levels and vault maps discovered:
D:1:      matt_arrival_spirals, layout_loops_ring
D:2:      layout_loops_ring, grunt_temple_overflow_open,
          overflow_temple_1_default, serial_undead, serial_undead_b,
          serial_undead_d, serial_undead_c, serial_undead_d, serial_undead_d,
          serial_undead_a, serial_undead_f, serial_undead_b, kennysheep_potato,
          uniq_robin
D:3:      minmay_evil_eye, layout_basic, first_ration, grunt_qazlal_clouds,
          uniq_crazy_yiuf_cottage
D:4:      minmay_skewed_foursquare, layout_basic, serial_shops, shop
D:5:      layout_gridville, minmay_temple_entry_antechambers, serial_shops, shop
D:6:      layout_basic, nicolae_tso_swordbearing_angel, serial_shops,
          nicolae_shop_behind_doors, shop, nicolae_shop_stone, shop_statue,
          grunt_decor_arrowhead, uniq_prince_ribbit1, uniq_menkaure

Skill      XL: |  1  2  3  4  5  6  7  8 |
---------------+-------------------------+-----
Axes           | 3 4 5 6 7 8 |  8.7
Fighting       | 4 5 6 |  6.4
Armour         | 4 5 |  5.8
Shields        | 4 5 |  5.8

Action                   |  1- 3 |  4- 6 |  7- 9 || total
-------------------------+-------+-------+-------++-------
Melee: War axe           |   108 |   265 |   215 ||   588
Invok: Heroism           |       |       |     1 ||     1
  Use: Scroll            |       |       |     7 ||     7
  Eat: Chunk             |       |     8 |     5 ||    13
Armor: Scale mail        |    59 |   137 |    36 ||   232
       Chain mail        |       |       |    67 ||    67
Dodge: Dodged            |    36 |    98 |    61 ||   195
Block: Shield            |    59 |   148 |   117 ||   324
